 Dungeon Crawl Stone Soup version 0.26.1-10-gdfb7c7de75 (webtiles) character file.

Game seed: 17454929846620930829

1351 Revguard the Ogre Mage (level 8, 0/83 HPs)
             Began as an Ogre Earth Elementalist on Apr 9, 2021.
             Was an Initiate of Ashenzari.
             Slain by a killer bee (7 damage)
             ... on level 6 of the Dungeon.
             The game lasted 00:27:47 (8101 turns).

Revguard the Ogre Mage (Ogre Earth Elementalist)    Turns: 8101, Time: 00:27:48

Health: 0/83       AC:  5    Str: 13    XL:     8   Next: 63%
Magic:  1/17       EV: 26    Int: 17    God:    Ashenzari [......]
Gold:   248        SH:  0    Dex: 10    Spells: 5/20 levels left

rFire    + . .     SeeInvis .   n - +0 giant spiked club
rCold    . . .     Faith    .   (shield currently unavailable)
rNeg     . . .     Spirit   .   c - +1 robe
rPois    +         Reflect  .   (helmet restricted)
rElec    .         Harm     .   o - +0 cloak
rCorr    .         Rampage  .   (gloves unavailable)
Will     .....                  (boots unavailable)
Stlth    ++........             j - amulet of the acrobat
HPRegen  0.23/turn              k - ring of poison resistance
MPRegen  0.15/turn              d - ring of protection from fire

@: lethally poisoned (0 -> -1), acrobat, hasted, very quick
A: large, unfitting armour, tough skin 1
a: Renounce Religion, Curse Item


You were on level 6 of the Dungeon.
You worshipped Ashenzari.
Ashenzari was noncommittal.
You visited 2 branches of the dungeon, and saw 7 of its levels.

You collected 248 gold pieces.

Inventory:

Hand Weapons
 n - a +0 giant spiked club (weapon)
Missiles
 b - 169 stones
Armour
 c - a +1 robe (worn)
 o - a +0 cloak (worn)
Jewellery
 d - a ring of protection from fire (right hand)
 j - an amulet of the acrobat (around neck)
 k - a ring of poison resistance (left hand)
 s - an uncursed ring of protection from fire
Wands
 e - a wand of acid (11)
 m - a wand of iceblast (3)
 p - a wand of disintegration (16)
Scrolls
 a - 2 scrolls of identify
 f - a scroll of fog
 i - 2 scrolls of teleportation
 l - a scroll of amnesia
 q - a scroll of magic mapping
Potions
 g - a potion of haste


   Skills:
 * Level 5.8 Fighting
 + Level 2.9 Maces & Flails
 * Level 4.0 Armour
 + Level 3.5 Dodging
 - Level 1.4 Stealth
 * Level 6.6 Spellcasting
 + Level 2.0 Conjurations
 + Level 2.1 Hexes
 * Level 4.0 Transmutations
 * Level 5.3 Earth Magic
 + Level 1.9 Poison Magic
 * Level 3.2 Invocations
 * Level 2.6 Evocations


You had 5 spell levels left.
You knew the following spells:

 Your Spells              Type           Power        Failure   Level
a - Sandblast             Erth           46%          1%          1
b - Passwall              Tmut/Erth      17%          2%          2
c - Stone Arrow           Conj/Erth      36%          8%          3
d - Petrify               Tmut/Erth      21%          17%         4
e - Lee's Rapid Deconstr  Erth           11%          36%         5

Your spell library contained the following spells:

 Spells                   Type           Power        Failure   Level


Dungeon Overview and Level Annotations

Branches:
Dungeon (6/15)             Temple (1/1) D:5

Altars:
Ashenzari
Cheibriados
Dithmenos
Elyvilon
Fedhas
Gozag
Hepliaklqana
Kikubaaqudgha
Makhleb
Okawaru
Qazlal
Ru
Sif Muna
Trog
Uskayaw
Vehumet
Wu Jian
Xom
Zin
The Shining One


Innate Abilities, Weirdness & Mutations

You are too large for most types of armour.
You have tough skin. (AC +1)


Message History

Press: ? - help, Q - select action, (/) - cycle Shift-Dir - straight line, f/p - killer bee
Aim: a killer bee (almost dead, 39% to evade)
The blast of sand misses the killer bee.
The blast of sand hits the killer bee.
The killer bee is heavily wounded.
The killer bee stings you.
* * * LOW HITPOINT WARNING * * *
You closely miss the killer bee.
The killer bee is almost dead.
The killer bee stings you but does no damage.
The killer bee stings you.
* * * LOW HITPOINT WARNING * * *
You are poisoned.
The killer bee poisons you!
You feel sick. The killer bee completely misses you.
You feel sick. The killer bee closely misses you.
You feel sick. The killer bee stings you.
* * * LOW HITPOINT WARNING * * *
The killer bee stings you!
You die...

#.# #.# #.########
#........# #####
##..#####.#
#####...# ##...##
#.......# #..y..#
####.###...#
##.yy##
#."....)..## ##@.#
#.##.###..######..#
### #.##.#
#..........# ..#
#.##.###.#######+##
#.# #.##...#.# #.#
#.####.#.# ####.##
#.# ##.#.#
##.#.[.##
#.###....###
####.......#
#..........+
+...........


You could see 3 killer bees.

Vanquished Creatures
  An ice beast (D:5)
  2 sky beasts
  3 ogres
  A water moccasin skeleton (D:5)
  2 killer bees (D:6)
  2 jellies
  2 orc wizards
  3 hounds
  2 orc priests (D:5)
  An iguana (D:4)
  A worker ant (D:4)
  A hound skeleton (D:5)
  3 gnolls (D:4)
  10 adders
  2 shadow imps
  An ufetubus (D:5)
  2 oozes
  An adder skeleton (D:5)
  3 worms
  2 dart slugs
  A leopard gecko (D:2)
  16 orcs
  6 bats
  5 giant cockroaches
  8 hobgoblins
  11 jackals
  10 kobolds
  2 quokkas
  4 frilled lizards
  4 goblins
  A quokka zombie (D:5)
  7 rats
120 creatures vanquished.

Notes
Turn   | Place    | Note
-------+----------+-------------------------------------------
     0 | D:1      | Revguard the Ogre Earth Elementalist began the quest for
                  | the Orb.
     0 | D:1      | Reached XP level 1. HP: 16/16 MP: 3/3
   117 | D:1      | Reached XP level 2. HP: 21/26 MP: 0/5
   793 | D:1      | Learned a level 2 spell: Passwall
  1084 | D:2      | Reached skill level 1 in Transmutations
  1084 | D:2      | Reached XP level 3. HP: 15/32 MP: 4/7
  1366 | D:2      | Learned a level 3 spell: Stone Arrow
  1398 | D:2      | Reached skill level 1 in Fighting
  1583 | D:2      | Reached skill level 3 in Spellcasting
  1635 | D:2      | You fall into a shaft and drop 2 floors!
  1651 | D:4      | Reached XP level 4. HP: 41/41 MP: 1/8
  1840 | D:4      | Reached skill level 5 in Fighting
  1840 | D:4      | Reached skill level 5 in Spellcasting
  1840 | D:4      | Reached skill level 1 in Conjurations
  1840 | D:4      | Reached skill level 1 in Poison Magic
  1840 | D:4      | Reached skill level 1 in Evocations
  1840 | D:4      | Reached XP level 5. HP: 47/57 MP: 0/12
  2399 | D:4      | Noticed an ogre
  2412 | D:4      | HP: 1/57 [ogre/+0 giant club (25)]
  2830 | D:4      | Reached XP level 6. HP: 49/66 MP: 14/14
  2960 | D:4      | Reached skill level 5 in Earth Magic
  3112 | D:4      | Learned a level 4 spell: Petrify
  3118 | D:4      | Learned a level 5 spell: Lee's Rapid Deconstruction
  4798 | D:3      | Found an ancient bone altar of Kikubaaqudgha.
  5086 | D:2      | Reached XP level 7. HP: 67/72 MP: 5/15
  5204 | D:2      | Found a faded altar of an unknown god.
  5744 | D:5      | Entered Level 5 of the Dungeon
  5791 | D:5      | HP: 2/72 [sky beast (5)]
  6254 | D:5      | Found a staircase to the Ecumenical Temple.
  6284 | D:5      | Reached skill level 6 in Spellcasting
  6313 | Temple   | Entered the Ecumenical Temple
  6492 | Temple   | Became a worshipper of Ashenzari the Shackled
  6909 | D:5      | Found a snail-covered altar of Cheibriados.
  7003 | D:5      | Reached XP level 8. HP: 44/83 MP: 1/17
  7617 | D:5      | Found a radiant altar of Vehumet.
  7617 | D:5      | Found a bloodstained altar of Trog.
  8101 | D:6      | Slain by a killer bee

Illustrated notes

Levels and vault maps discovered:
D:1:      dpeg_arrival_erosion, layout_basic, st_stairs_13, minmay_bisected
D:2:      layout_loops_ring, chequers_ecumenical_altar_lobes
D:3:      layout_basic, lemuel_zombie_altar_kikubaaqudgha
D:4:      layout_basic
D:5:      layout_basic, gammafunk_temple_overflow_statue,
          minmay_temple_entry_ruins, kennysheep_slug_shrine
D:6:      layout_loops_corners, gammafunk_temple_overflow_elements
Temple:   eino_temple_rhombus

Skill      XL: |  1  2  3  4  5  6  7  8 |
---------------+-------------------------+-----
Earth Magic    | 3 4 5 |  5.3
Transmutations | 1 3 4 |  4.0
Fighting       | 1 5 |  5.8
Spellcasting   | 3 5 6 |  6.6
Maces & Flails | 2 |  2.9
Armour         | 3 4 |  4.0
Dodging        | 3 |  3.5
Conjurations   | 1 2 |  2.0
Hexes          | 2 |  2.1
Poison Magic   | 1 |  1.9
Invocations    | 2 3 |  3.2
Evocations     | 1 2 |  2.6
Stealth        | |  1.4

Action                   |  1- 3 |  4- 6 |  7- 9 || total
-------------------------+-------+-------+-------++-------
Melee: Unarmed           |     2 |       |       ||     2
       Club              |    10 |       |       ||    10
       Mace              |    20 |    25 |       ||    45
       Giant club        |       |    35 |    23 ||    58
       Flail             |       |     2 |       ||     2
       Giant spiked club |       |       |    58 ||    58
 Cast: Sandblast         |    33 |    62 |    37 ||   132
       Passwall          |     1 |       |       ||     1
       Stone Arrow       |       |     8 |    14 ||    22
       Petrify           |       |     3 |     8 ||    11
       Lee's Rapid Decon |       |     1 |     4 ||     5
  Use: Scroll            |       |     7 |     2 ||     9
       Potion            |       |     4 |     7 ||    11
 Stab: Petrified         |       |     7 |    18 ||    25
       Sleeping          |       |     2 |       ||     2
Armor: Robe              |    12 |    30 |    59 ||   101
Dodge: Dodged            |    30 |    92 |   143 ||   265
